 Dungeon Crawl Stone Soup version bcrawl-1.15 (webtiles) character file.

Game seed: 15686788042382115350

660 Chiseanne the Prestidigitator (level 7, -11/45 HPs)
             Began as an Octopode Archaeologist on Sept 22, 2019.
             Was an Initiate of Gozag.
             Mangled by an ogre
             ... wielding a +0 giant club
              (17 damage)
             ... on level 4 of the Dungeon.
             The game lasted 00:08:10 (4084 turns).

Chiseanne the Prestidigitator (OpAc)                Turns: 4084, Time: 00:08:11

Health: -11/45     AC:  2    Str: 10    XL:     7   Next: 56%
Magic:  13/13      EV: 14    Int: 17    God:    Gozag
Gold:   260        SH:  0    Dex: 12    Spells: 6/6 levels left

rFire    . . .     SeeInvis .   a - +2 hand axe (pain)
rCold    . . .     Gourm    .   (no shield)
rNeg     . . .     Faith    .   b - +1 hat
rPois    .         Spirit   .   (cloak restricted)
rElec    .         Reflect  .   (no amulet)
rCorr    .         Harm     .   (no ring)
MR       .....                  (no ring)
Stlth    ++++......             (no ring)
HPRegen  0.15/turn              (no ring)
MPRegen  0.13/turn              (no ring)
                                (no ring)
                                (no ring)
                                (no ring)

@: no status effects
A: almost no armour, stealthy swim, amphibious, 8 rings, constrict 8, camouflage
1, gelatinous body 1
a: Potion Petition, Call Merchant, Bribe Branch, Renounce Religion


You were on level 4 of the Dungeon.
You worshipped Gozag.
Gozag was aware of your devotion.
You were not hungry.

You visited 1 branch of the dungeon, and saw 4 of its levels.

You collected 317 gold pieces.
You paid 57 gold pieces to Gozag.

Inventory:

Hand Weapons
 a - a +2 hand axe of pain (weapon)
 e - a cursed -3 hunting sling
 m - a cursed -3 dagger
 s - the +3 Elemental Staff {rElec rF++ rC++ MR++ AC+5}

   It affects your AC (+5).
   It greatly protects you from fire.
   It greatly protects you from cold.
   It insulates you from electricity.
   It affects your resistance to hostile enchantments.
Missiles
 c - 260 poisoned needles
 g - 1324 stones (quivered)
 j - 159 sling bullets
 o - 809 arrows
Armour
 b - a +1 hat (worn)
Scrolls
 d - a scroll of blinking
 h - a scroll of amnesia
 k - a scroll of remove curse
 r - 3 scrolls of teleportation
 t - 2 scrolls of identify
Potions
 i - a potion of resistance {unknown}
 l - a potion of experience {unknown}
 n - 3 potions of agility
 p - 2 potions of cancellation {unknown}
 q - a potion of curing {unknown}
Comestibles
 f - a ration {!d}


   Skills:
 * Level 2.2 Fighting
 * Level 0.3(0.7) Axes
   Level 1.0(2.4) Maces & Flails
 - Level 3.4(3.5) Staves
 * Level 3.6 Dodging
 - Level 4.4 Stealth
 - Level 8.7 Evocations


You had 6 spell levels left.
You didn't know any spells.
Your spell library was empty.

Dungeon Overview and Level Annotations

Branches:
Dungeon (4/12)
 Temple: D:4-7

Altars:
Gozag
Xom


Innate Abilities, Weirdness & Mutations

You cannot wear most types of armour.
You are very stealthy in the water. (Stealth+)
You are amphibious.
You can wear up to eight rings at the same time.
You can use your tentacles to constrict eight enemies at once.
Your skin changes colour to match your surroundings (Stealth+).
Your rubbery body absorbs attacks. (AC +1, EV +1)


Message History

You hit the ogre.
The ogre is severely wounded.
The ogre barely misses you.
You barely miss the ogre. You squeeze the ogre.
The ogre is severely wounded.
You hit the bullfrog skeleton. The bullfrog skeleton misses you.
The ogre barely misses you.
The bullfrog skeleton barely misses you.
You hit the ogre but do no damage.
The ogre is severely wounded.
You hit the bullfrog skeleton. The bullfrog skeleton hits you!
* * * LOW HITPOINT WARNING * * *
The ogre misses you.
You hit the ogre.
The ogre is almost dead.
You hit the bullfrog skeleton but do no damage.
The bullfrog skeleton hits you but does no damage.
The ogre hits you with a +0 giant club!
You die...
Your body crumbles into a pile of gold.

#................#
######'##.......#
#.##.......#
#.#####'#..# #.#
#.#..# . #.# #....#
... #.# ##>..#
.....#####.######...#
#..O@..........>.#
#...Z...#######.##
#......?# #.......#
#.......# #.......#
#.......# #.......#


You could see an ogre and a bullfrog skeleton.

Vanquished Creatures
  Grinder (D:3)
  2 crimson imps
  An orc priest (D:4)
  A bullfrog skeleton (D:4)
  2 orc wizards
  Natasha (thrice) (D:3)
  Robin (D:3)
  3 adders
  3 oozes
  5 worms
  6 dart slugs
  7 leopard geckos
  9 orcs
  2 bats (D:2)
  A giant cockroach (D:3)
  15 goblins
  7 hobgoblins
  18 jackals
  3 quokkas
  3 frilled lizards
  7 kobolds
  7 rats
107 creatures vanquished.

Notes
Turn   | Place    | Note
-------+----------+-------------------------------------------
     0 | D:1      | Chiseanne the Octopode Archaeologist began the quest for
                  | the Orb.
     0 | D:1      | Reached XP level 1. HP: 13/13 MP: 1/1
   137 | D:1      | Reached XP level 2. HP: 14/18 MP: 2/2
   207 | D:1      | Reached XP level 3. HP: 8/24 MP: 3/3
   473 | D:1      | Reached skill level 1 in Evocations
   561 | D:1      | Found a burning altar of Makhleb.
   563 | D:1      | Found a shimmering altar of Xom.
   563 | D:1      | Found a blossoming altar of Fedhas.
   565 | D:1      | Found a shattered altar of Ashenzari.
   565 | D:1      | Found an opulent altar of Gozag.
   565 | D:1      | Found a shimmering altar of Xom.
   769 | D:1      | Reached skill level 2 in Evocations
   869 | D:1      | Reached skill level 3 in Evocations
   869 | D:1      | Reached XP level 4. HP: 25/29 MP: 4/6
   921 | D:1      | Reached skill level 4 in Evocations
  1192 | D:2      | Reached skill level 5 in Evocations
  1305 | D:2      | Reached XP level 5. HP: 21/34 MP: 9/9
  1769 | D:2      | Reached skill level 6 in Evocations
  1886 | D:3      | Noticed Robin
  1891 | D:3      | Noticed Natasha
  2028 | D:3      | Killed Robin
  2294 | D:3      | Killed Natasha
  2294 | D:3      | Reached skill level 7 in Evocations
  2415 | D:3      | Reached XP level 6. HP: 25/39 MP: 11/11
  2868 | D:3      | Reached skill level 1 in Staves
  2892 | D:3      | Noticed Natasha
  2907 | D:3      | Killed Natasha
  3002 | D:3      | Noticed Natasha
  3006 | D:3      | Killed Natasha
  3006 | D:3      | Reached skill level 8 in Evocations
  3276 | D:3      | Found an opulent altar of Gozag.
  3278 | D:3      | Noticed Grinder
  3299 | D:3      | Killed Grinder
  3299 | D:3      | Reached XP level 7. HP: 15/45 MP: 13/13
  3494 | D:3      | Became a worshipper of Gozag Ym Sagoz the Greedy
  4084 | D:4      | Mangled by an ogre

Skill      XL: |  1  2  3  4  5  6 |
---------------+-------------------+-----
Fighting       | 2 |  2.2
Evocations     | 3 5 7 8 |  8.7
Staves         | 3 |  3.4
Axes           | |  0.3
Maces & Flails | |  1.0
Dodging        | |  3.6
Stealth        | |  4.4

Action                   |  1- 3 |  4- 6 |  7- 9 || total
-------------------------+-------+-------+-------++-------
Melee: Whip              |    55 |       |       ||    55
       Constrict         |    14 |    34 |     7 ||    55
       Tentacles         |     7 |    22 |     3 ||    32
       Hand axe          |    12 |   147 |    39 ||   198
  Use: Scroll            |     3 |     3 |       ||     6
       Potion            |       |     1 |       ||     1
 Stab: Sleeping          |     5 |     9 |       ||    14
       Distracted        |       |     1 |       ||     1
  Eat: Chunk             |       |     7 |       ||     7
       Ration            |       |       |     2 ||     2
Armor: Skin              |     7 |    24 |     4 ||    35
Dodge: Dodged            |    38 |   140 |    44 ||   222
